Unix NetHack Version 5.0.0-0 post-release - last build Jul 14 2026 02:55:29 (1809b74e8187c3a3585e283601c3028b46cbbdcb,branch:main).

Game began 2026-07-17 11:26:56, ended 2026-07-17 12:46:10.

Clayface, chaotic male human Rogue

                          -----------          ----
                          |.........|   -------->.--
                          |.........|   |..........|
                          |.........|   |%-.-----`.|
                          |....<....|   |.``|...|..|
                          |.........|   |-...`.`.`.|
                          |.........|   |..|..`..`.|
                          |.........|   |.--@`----.|
                          |.........|  --.|..Y..`..|
                          |+------------`....-.---.|
                          |.^%^^^^^^^...^%.-.`.|...|
                          ----------------%%`......|
                                         |[`|..-----
                                         -------

Clayface the Rogue      St:11 Dx:18 Co:15 In:15 Wi:10 Ch:8  Chaotic
Dlvl:4  $:110 HP:0(44) Pw:25(25) AC:3  Xp:6 T:3436 

Latest messages:
 You see here a lichen corpse.
 You see here a lichen corpse.
 With great effort you move the boulder.
 The boulder suddenly rolls away from you!
 You hear a boulder fall.
 There are several objects here.
 With great effort you move the boulder.
 The yeti hits!
 The yeti hits again!
 The yeti misses!
 The yeti strikes at your displaced image and misses you!
 The yeti hits!
 The yeti misses!
 The yeti bites!
 The yeti hits!
 The yeti hits again!
 The yeti bites!
 In what direction? 3
 You throw 3 daggers.
 The 1st dagger hits the yeti.
 The 2nd dagger hits the yeti.
 The 3rd dagger hits the yeti.
 The yeti hits!
 The yeti hits again!
 The yeti bites!
 What do you want to write with? [- ablmtCGO or ?*] -
 You write in the dust with your fingertip.
 What do you want to write in the dust here? Elbereth
 The yeti hits!
 The yeti hits again!
 The yeti bites!
 What do you want to write with? [- ablmtCGO or ?*] -
 Do you want to add to the current engraving? [ynq] (y) y
 You add to the writing in the dust with your fingertip.
 What do you want to add to the writing in the dust here? Elbereth
 The yeti hits!
 The yeti just misses!
 The yeti bites!
 What do you want to write with? [- ablmtCGO or ?*] -
 Do you want to add to the current engraving? [ynq] (y) y
 You add to the writing in the dust with your fingertip.
 What do you want to add to the writing in the dust here? Elbereth
 The yeti hits!
 The yeti hits again!
 You die...
 Do you want your possessions identified? [ynq] (y) y
 Do you want to see your attributes? [ynq] (y) n
 Do you want an account of creatures vanquished? [ynaq] (y) n
 Do you want to see your conduct and achievements? [ynq] (y) n
 Do you want to see the dungeon overview? [ynq] (y) n

Inventory:
 Coins    ('$')
  $ - 110 gold pieces
 Weapons  (')')
  b - 8 +0 daggers (at the ready)
  C - a +0 elven dagger (weapon in right hand)
  l - a +0 orcish dagger
  m - a cursed +0 orcish dagger
 Armor    ('[')
  p - an uncursed +1 orcish helm (being worn)
  i - a blessed +1 cloak of displacement (being worn)
  Z - an uncursed +0 mummy wrapping
  c - an uncursed +1 leather armor (being worn)
 Comestibles  ('%')
  k - an uncursed food ration
  w - an uncursed lembas wafer
  y - an uncursed pear
  h - an uncursed tripe ration
  V - 2 uncursed tins of soup made from yellow mold
 Scrolls  ('?')
  W - an uncursed scroll of amnesia
  Y - an uncursed scroll of blank paper
  d - a blessed scroll of earth
  g - an uncursed scroll of earth
  U - an uncursed scroll of stinking cloud
 Spellbooks  ('+')
  P - an uncursed spellbook of create monster
 Potions  ('!')
  n - an uncursed potion of fruit juice
 Rings    ('=')
  a - a cursed ring of aggravate monster
  t - an uncursed ring of hunger (on right hand)
 Wands    ('/')
  G - a wand of secret door detection (0:13)
 Tools    ('(')
  f - an empty uncursed sack
  v - an uncursed blindfold
  E - an uncursed brass lantern
  e - an uncursed lock pick
  D - an uncursed tin whistle
 Gems/Stones  ('*')
  O - an uncursed jet stone

Clayface the Rogue's attributes:

Background:
 You were a Rogue, level 6 male human.
 You were chaotic, on a mission for Kos
 who was opposed by Issek (lawful) and Mog (neutral).
 You were right-handed.
 You were in Sokoban, on level 4.
 You entered the dungeon 3436 turns ago.
 There was a new moon in effect when your adventure ended.
 You had 458 experience points, 182 more were needed to attain level 7.

Basics:
 You had 0 out of 44 hit points.
 You had all 25 energy points (spell power).
 Your armor class was 3.
 Your wallet contained 110 zorkmids.
 Autopickup was off.

Final Characteristics:
 Your strength was 11 (limit:18/100).
 Your dexterity was 18 (limit:18).
 Your constitution was 15 (limit:18).
 Your intelligence was 15 (limit:18).
 Your wisdom was 10 (limit:18).
 Your charisma was 8 (limit:18).

Final Status:
 You hungered rapidly.
 You weren't hungry.
 You were unencumbered.
 You were wielding a dagger.
 You were skilled in dagger.

Final Attributes:
 You were piously aligned.
 You were telepathic.
 You were displaced.
 You were stealthy.
 You were warded.
 You are dead.

Miscellaneous:
 You didn't encounter any bones levels.
 Total elapsed playing time was 1 hour, 19 minutes and 13 seconds.

Major events:
 Turn
    1: Clayface the chaotic male human Rogue entered the dungeon
  982: entered the Gnomish Mines
 1118: attained the rank of Cutpurse (level 3)
 2639: entered Sokoban
 3005: completed 1st Sokoban level
 3280: attained the rank of Rogue (level 6)
 3436: killed by a yeti

Spells:
 Name                 Level Category     Fail Retention
 healing                1   healing       58%  76%-100%

Skills:
 Fighting Skills
   bare handed combat [Unskilled]
   two weapon combat  [Unskilled]
   riding             [Unskilled]
 Weapon Skills
   dagger             [Skilled]
   knife              [Unskilled]
   short sword        [Basic]
   broadsword         [Unskilled]
   long sword         [Unskilled]
   two-handed sword   [Unskilled]
   saber              [Unskilled]
   club               [Unskilled]
   mace               [Unskilled]
   morning star       [Unskilled]
   flail              [Unskilled]
   hammer             [Unskilled]
   polearms           [Unskilled]
   spear              [Unskilled]
   crossbow           [Unskilled]
   dart               [Unskilled]
   shuriken           [Unskilled]
 Spellcasting Skills
   divination spells  [Unskilled]
   escape spells      [Unskilled]
   matter spells      [Unskilled]

Voluntary challenges:
 Character rerolling was not enabled.
 You never genocided any monsters.
 You never polymorphed an object.
 You never changed form.
 You used no wishes.
 You did not violate any of the special Sokoban rules.
Achievements:
 You entered a shop.
 You entered the Gnomish Mines.
 You attained the rank of Cutpurse.
 You entered Sokoban.
 You attained the rank of Rogue.

 The Dungeons of Doom: levels 1 to 6
    Level 1:
    Level 2:
       A general store, a fountain.
    Level 3:
       A general store, an altar.
       Stairs down to The Gnomish Mines.
    Level 4:
    Level 5:
    Level 6:
       A fountain.
       Stairs up to Sokoban, level 5.
 The Gnomish Mines:
    Level 4:
 Sokoban: levels 5 up to 4
    Level 4: <- You were here.
       Unsolved.
       Final resting place for
          you, killed by a yeti.
    Level 5:
       Solved.


Vanquished creatures:
  a dog
  a blue jelly
  a rock piercer
  a fog cloud
  2 shriekers
  a kobold mummy
  a red naga hatchling
  a gray ooze
 an elf zombie
  a straw golem
  a paper golem
  2 little dogs
  2 floating eyes
  a kobold leader
  9 hill orcs
  a rabid rat
  a centipede
  a giant bat
  3 dwarf zombies
  a wererat
  2 iguanas
  2 coyotes
  2 hobbits
  a large kobold
  2 hobgoblins
  a cave spider
  a yellow mold
  a gnome zombie
  4 geckos
  5 jackals
  a fox
  a kobold
  3 goblins
  3 grid bugs
  4 lichens
  a kobold zombie
  3 newts
70 creatures vanquished.

No species were genocided or became extinct.

Game over:
                       ----------
                      /          \
                     /    REST    \
                    /      IN      \
                   /     PEACE      \
                  /                  \
                  |     Clayface     |
                  |      110 Au      |
                  | killed by a yeti |
                  |                  |
                  |                  |
                  |                  |
                  |       2026       |
                 *|     *  *  *      | *
        _________)/\\_//(\/(/\)/\//\/|_)_______

Goodbye Clayface the Rogue...

You died in Sokoban on dungeon level 4 with 2191 points,
and 110 pieces of gold, after 3436 moves.
You were level 6 with a maximum of 44 hit points when you died.

